[Event "ICC tourney 1980 (3 2)"]
[Site "Internet Chess Club"]
[Date "2020.08.28"]
[Round "4"]
[White "londonkid"]
[Black "jx4"]
[Result "0-1"]
[ICCResult "White resigns"]
[WhiteElo "1852"]
[BlackElo "1657"]
[Opening "QGD Slav: exchange variation"]
[ECO "D13"]
[NIC "SL.02"]
[Time "20:40:03"]
[TimeControl "180+2"]

1. d4 d5 2. c4 c6 3. cxd5 cxd5 4. Nf3 Nf6 5. Nc3 a6 6. Bf4 Nc6 7. Rc1 Bf5 8.
e3 e6 9. Qb3 Ra7 10. Be2 Be7 11. O-O O-O 12. Ne5 Nxe5 13. Bxe5 Nd7 14. Bg3
b5 15. f3 Nb6 16. Bf2 Bg6 17. e4 Rd7 18. e5 Nc4 19. f4 Nd2 20. Qd1 Nxf1 21.
Bxf1 Rc7 22. h3 Qc8 23. a3 Qb7 24. g4 Rfc8 25. Bg2 Be4 26. Ra1 Bxg2 27. Kxg2
a5 28. f5 b4 29. axb4 axb4 30. Ne2 exf5 31. gxf5 Rc2 32. Qd3 Rxb2 33. Rg1
Rcc2 34. Re1 Rd2 35. Qf3 Qb5 36. f6 Bf8 37. fxg7 Bxg7 38. Rc1 Rbc2 39. Ra1
Ra2 40. Rc1 Rdc2 41. Rxc2 Rxc2 42. Nf4 Rc1 43. Nd3 Rc3 44. Qf5 Qxd3 45. Qc8+
Rxc8 46. Be3 Qxe3 {White resigns} 0-1

[Event "ICC tourney 1980 (3 2)"]
[Site "Internet Chess Club"]
[Date "2020.08.28"]
[Round "4"]
[White "JosephLevine"]
[Black "IndianTerritory"]
[Result "1-0"]
[ICCResult "Black forfeits on time"]
[WhiteElo "1703"]
[BlackElo "1697"]
[Opening "Caro-Kann: closed (Breyer) variation"]
[ECO "B10"]
[NIC "CK.01"]
[Time "20:40:05"]
[TimeControl "180+2"]

1. e4 c6 2. d3 d5 3. Nd2 dxe4 4. dxe4 Nd7 5. Ngf3 e5 6. Bc4 Bd6 7. Nf1 Ngf6
8. Qxd6 Nxe4 9. Qd1 Qe7 10. Bd3 Nxf2 11. Kxf2 e4 12. Ng3 exf3 13. Re1 Ne5
14. Bf4 Nxd3+ 15. Qxd3 Be6 16. Bd6 Qh4 17. Qxf3 Qd4+ 18. Qe3 Qxd6 19. Nf5
Qxh2 20. Nxg7+ Kf8 21. Rh1 Qd6 22. Rad1 Bd5 23. Nf5 Qf6 24. Rh5 Rg8 25. Qc5+
Ke8 26. Re1+ Kd7 27. Re7+ Kc8 28. g3 b6 29. Qd6 Qxd6 30. Nxd6+ Kd8 31. Rb7
c5 32. Rxd5 {Black forfeits on time} 1-0

[Event "ICC tourney 1980 (3 2)"]
[Site "Internet Chess Club"]
[Date "2020.08.28"]
[Round "4"]
[White "Goran21"]
[Black "Ayushb"]
[Result "1-0"]
[ICCResult "Black forfeits on time"]
[WhiteElo "2101"]
[BlackElo "1591"]
[Opening "Ruy Lopez: exchange variation, 5.O-O"]
[ECO "C68"]
[NIC "RL.08"]
[Time "20:40:06"]
[TimeControl "180+2"]

1. e4 e5 2. Nf3 Nc6 3. Bb5 a6 4. Bxc6 dxc6 5. O-O Bd6 6. d4 Qe7 7. dxe5 Bxe5
8. Nxe5 Qxe5 9. Nc3 Nf6 10. f4 Qc5+ 11. Kh1 Bg4 12. Qe1 O-O-O 13. Be3 Qe7
14. Qh4 Bd7 15. h3 Rhe8 16. e5 Nd5 17. Qf2 Nxe3 18. Qxe3 Kb8 19. a3 f6 20.
Rfe1 fxe5 21. fxe5 Qh4 22. Rad1 Be6 23. b3 g5 24. Ne4 g4 25. Qg5 Qxg5 26.
Nxg5 Rxd1 27. Rxd1 gxh3 28. Nxe6 Rxe6 29. Re1 hxg2+ 30. Kxg2 Kc8 31. Kf3 Kd7
32. Kf4 Ke7 33. Kf5 Rg6 34. Rh1 Rg7 35. e6 b6 36. Rd1 Ke8 37. Rd3 Rg6 38.
Rh3 Rg7 39. c4 c5 40. a4 Ke7 41. Rd3 Ke8 42. Ke5 h5 43. Rh3 Rh7 44. Rh4 Ke7
45. Kf5 Rh6 46. Rh3 Rxe6 47. Rxh5 Kd6 48. Rh8 Re3 49. a5 Rxb3 50. Ra8 Ra3
51. axb6 cxb6 52. Ke4 {Black forfeits on time} 1-0

[Event "ICC tourney 1980 (3 2)"]
[Site "Internet Chess Club"]
[Date "2020.08.28"]
[Round "4"]
[White "ivo20"]
[Black "rjc64uk"]
[Result "0-1"]
[ICCResult "White forfeits on time"]
[WhiteElo "1235"]
[BlackElo "1623"]
[Opening "French defense"]
[ECO "C00"]
[NIC "FR.01"]
[Time "20:40:04"]
[TimeControl "180+2"]

1. e4 e6 2. Bc4 d5 3. exd5 exd5 4. Bb3 a5 5. a3 Nf6 6. Nf3 Be7 7. O-O O-O 8.
h3 b6 9. c3 Bb7 10. Bc2 c5 11. d4 h6 12. Bf4 Nbd7 13. Qd2 Ne4 14. Qe3 Ndf6
15. Bxh6 gxh6 16. Qxh6 Nh7 17. Ne5 Bg5 18. Qh5 Qd6 19. f3 Nef6 20. Bxh7+
Nxh7 21. f4 Qh6 22. Qg4 f5 23. Qg3 Qh4 24. Qf3 Bf6 25. Ng6 Qh6 26. Nxf8 Rxf8
27. Nd2 cxd4 28. cxd4 Bxd4+ 29. Kh1 Bxb2 30. Rae1 Qg7 31. Re3 d4 32. Rb3
Bxf3 33. Rfxf3 Kf7 34. Rxb6 Bc3 35. Rb7+ Kf6 36. Rxg7 Kxg7 37. Nc4 Nf6 38.
Ne5 Ne4 39. g4 Nd2 40. gxf5 Nxf3 41. Nxf3 Rxf5 42. Nh4 Rxf4 43. Ng2 Rf2 44.
Kg1 Ra2 45. Nf4 Kf6 46. Nd3 Kf5 47. Kf1 Ke4 48. Nc5+ Ke3 49. a4 d3 50. Nb3
d2 51. Nxd2 Rxd2 52. h4 Rh2 53. h5 Kf3 54. Kg1 Kg3 55. h6 Rxh6 56. Kf1 Re6
{White forfeits on time}
0-1

[Event "ICC tourney 1980 (3 2)"]
[Site "Internet Chess Club"]
[Date "2020.08.28"]
[Round "4"]
[White "Zwish"]
[Black "Venom2020"]
[Result "0-1"]
[ICCResult "White checkmated"]
[WhiteElo "1248"]
[BlackElo "1887"]
[Opening "Anderssen's opening"]
[ECO "A00"]
[NIC "VO.14"]
[Time "20:40:01"]
[TimeControl "180+2"]

1. a3 g6 2. d4 Bg7 3. c4 f5 4. g3 Nf6 5. Bg2 O-O 6. Nc3 d6 7. Nf3 Nc6 8. O-O
e5 9. d5 Nb8 10. b4 a5 11. Bb2 Na6 12. Qb3 e4 13. Nd2 Bd7 14. e3 Ng4 15.
Rfe1 Ne5 16. Bf1 b6 17. Rab1 Qe7 18. Ba1 h5 19. Qc2 h4 20. Nb5 axb4 21. axb4
hxg3 22. fxg3 Bxb5 23. cxb5 Nb8 24. Rbc1 Ra7 25. Qb1 Nbd7 26. Rc2 Rfa8 27.
Bb2 Nf6 28. Rec1 Nfg4 29. Bd4 Nd3 30. Bxd3 exd3 31. Rc3 Bxd4 32. Rxd3 Bxe3+
33. Kg2 Bxd2 34. Rxd2 Qe4+ 35. Qxe4 fxe4 36. Re2 Nf6 37. Rf1 Kg7 38. Ref2
Ra2 39. g4 Nxg4 40. Rxa2 Rxa2+ 41. Kg3 Nf6 42. Rc1 Nxd5 43. Rc4 Ra3+ 44. Kf2
e3+ 45. Ke2 Rc3 46. Rd4 Ne7 47. Re4 Kf6 48. h4 Nf5 49. Re8 d5 50. Rf8+ Ke5
51. Rg8 Nxh4 52. Rh8 Nf5 53. Rg8 Nd4+ 54. Ke1 Rb3 55. Rxg6 Rb1#
{White checkmated}
0-1

[Event "ICC tourney 1980 (3 2)"]
[Site "Internet Chess Club"]
[Date "2020.08.28"]
[Round "4"]
[White "helavir"]
[Black "TjkTiger"]
[Result "1-0"]
[ICCResult "Black resigns"]
[WhiteElo "2211"]
[BlackElo "2077"]
[Opening "Sicilian: Hungarian variation"]
[ECO "B27"]
[NIC "SI.43"]
[Time "20:40:05"]
[TimeControl "180+2"]

1. e4 c5 2. Nf3 g6 3. c3 d5 4. exd5 Qxd5 5. d4 Bg7 6. dxc5 Qxc5 7. Na3 a6 8.
Nc4 Nd7 9. a4 Ngf6 10. Be2 O-O 11. O-O Qc7 12. a5 Nc5 13. Nb6 Rb8 14. Nxc8
Rbxc8 15. g3 Rfd8 16. Qc2 Nd5 17. Rd1 h6 18. Bc4 Qc6 19. Nd4 Bxd4 20. Rxd4
Ne6 21. Rxd5 Rxd5 22. Bxd5 Qxd5 23. Be3 Ng5 24. Bxg5 hxg5 25. Qe2 e6 26. Ra4
Qf5 27. Rb4 Rc7 28. Qd1 Qxa5 29. Qd8+ Kg7 30. Kg2 Qd5+ 31. Qxd5 exd5 32. Kf3
b5 33. Rd4 Rd7 34. Ke3 Kf6 35. Kd2 Ke5 36. Rg4 f6 37. h4 gxh4 38. Rxh4 d4
39. Rh6 Kf5 40. Rh4 g5 41. Rh6 Rd6 42. f3 Ke5 43. Rh1 Kd5 44. Re1 Kc4 45.
cxd4 Kb3 46. Kd3 Kxb2 47. Re2+ Kb3 48. Re1 b4 49. Rb1+ Ka4 50. Kc4 Rc6+ 51.
Kd5 Rc3 52. f4 Rxg3 53. f5 Rd3 54. Kc4 Rc3+ 55. Kd5 b3 56. Ke6 Rd3 57. d5
Ka3 58. Ra1+ Kb4 59. Rxa6 b2 60. Rb6+ Ka3 61. d6 g4 62. d7 g3 63. Ra6+ Kb3
64. Rb6+ Kc2 65. Rc6+ Kd2 66. Rb6 Kc1 67. Rc6+ Kd1 68. Rb6 g2 69. Rxb2 Rd2
70. Rxd2+ Kxd2 71. d8=Q+ Ke2 72. Qg8 {Black resigns} 1-0

[Event "ICC tourney 1980 (3 2)"]
[Site "Internet Chess Club"]
[Date "2020.08.28"]
[Round "5"]
[White "helavir"]
[Black "GGuseinov"]
[Result "1/2-1/2"]
[ICCResult "Game drawn by mutual agreement"]
[WhiteElo "2227"]
[BlackElo "2950"]
[Opening "Sicilian: Hungarian variation"]
[ECO "B27"]
[NIC "SI.43"]
[Time "20:51:57"]
[TimeControl "180+2"]

1. e4 c5 2. Nf3 g6 3. c3 d5 4. exd5 Qxd5 5. d4 Bg7 6. dxc5 Qxc5 7. Na3 a6 8.
Nc4 Nd7 9. a4 Ngf6 10. Be2 O-O 11. O-O b6 {Game drawn by mutual agreement}
1/2-1/2

[Event "ICC tourney 1980 (3 2)"]
[Site "Internet Chess Club"]
[Date "2020.08.28"]
[Round "5"]
[White "Xuanli28"]
[Black "WR3311"]
[Result "0-1"]
[ICCResult "White resigns"]
[WhiteElo "1657"]
[BlackElo "1627"]
[Opening "Sicilian: Canal-Sokolsky (Nimzovich-Rossolimo, Moscow) attack"]
[ECO "B51"]
[NIC "SI.01"]
[Time "20:51:53"]
[TimeControl "180+2"]

1. e4 c5 2. Nf3 d6 3. Bb5+ Nd7 4. d4 cxd4 5. Nxd4 Nf6 6. f3 a6 7. Bxd7+ Bxd7
8. Be3 g6 9. O-O Bg7 10. c4 O-O 11. Nc3 Rc8 12. b3 b5 13. Qe2 bxc4 14. bxc4
Qc7 15. Nd5 Nxd5 16. cxd5 Qc4 17. Qf2 Rfd8 18. Rab1 Rb8 19. Rbc1 Qa4 20. Rc2
Rdc8 21. Rfc1 Rxc2 22. Rxc2 Rb1+ {White resigns} 0-1

[Event "ICC tourney 1980 (3 2)"]
[Site "Internet Chess Club"]
[Date "2020.08.28"]
[Round "5"]
[White "BMWHero"]
[Black "Joelpaulg"]
[Result "1-0"]
[ICCResult "Black resigns"]
[WhiteElo "2582"]
[BlackElo "1611"]
[Opening "Sicilian: Anderssen variation"]
[ECO "B41"]
[NIC "SI.41"]
[Time "20:51:57"]
[TimeControl "180+2"]

1. e4 c5 2. Nf3 e6 3. d4 cxd4 4. Nxd4 Nf6 5. Nc3 Nc6 6. g3 Bc5 7. Nb3 Bb4 8.
Bg2 O-O 9. O-O a6 10. Qe2 d5 11. exd5 exd5 12. Bg5 Be6 13. Rad1 Re8 14. Qf3
Bg4 15. Qxg4 Nxg4 16. Bxd8 Raxd8 17. Nxd5 Bf8 18. Rfe1 a5 19. a4 Nb4 20.
Nxb4 Rxd1 21. Rxd1 Bxb4 22. Bxb7 h6 23. c3 Bf8 24. Nxa5 Re2 25. Bf3 Rxf2 26.
Bxg4 Bc5 27. b4 Rf4+ 28. bxc5 Rxg4 29. c6 Rxa4 30. c7 {Black resigns} 1-0

[Event "ICC tourney 1980 (3 2)"]
[Site "Internet Chess Club"]
[Date "2020.08.28"]
[Round "5"]
[White "ConnorGo"]
[Black "Tombstone"]
[Result "0-1"]
[ICCResult "White resigns"]
[WhiteElo "1318"]
[BlackElo "1586"]
[Opening "Sicilian"]
[ECO "B50"]
[NIC "SI.01"]
[Time "20:51:55"]
[TimeControl "180+2"]

1. e4 c5 2. Nf3 d6 3. Nc3 Nf6 4. Bc4 e6 5. e5 dxe5 6. Nxe5 Qd4 7. Bxe6 Qxe5+
8. Ne2 Bxe6 9. O-O Bd6 10. Ng3 O-O 11. d3 Nbd7 12. f4 Qd5 13. c4 Qc6 14. f5
Bxg3 15. hxg3 Bd5 16. cxd5 Qxd5 17. Bf4 Ne5 18. Bxe5 Qxe5 19. Rf4 Qe3+ 20.
Kh2 Rad8 21. Rf3 Ng4+ 22. Kh3 Nf2+ 23. Rxf2 Qxf2 24. Qg4 Rd4 25. Qg5 h6 26.
Qe7 Qxf5+ 27. Kh2 Rxd3 28. Re1 Qg5 29. Qxg5 hxg5 30. Re5 c4 31. Rxg5 Rd2 32.
Rb5 b6 33. b3 c3 34. Kh3 c2 {White resigns} 0-1

[Event "ICC tourney 1980 (3 2)"]
[Site "Internet Chess Club"]
[Date "2020.08.28"]
[Round "5"]
[White "LChessMaster"]
[Black "BreatheChessAls"]
[Result "0-1"]
[ICCResult "White checkmated"]
[WhiteElo "1578"]
[BlackElo "1549"]
[Opening "Queen's bishop game"]
[ECO "D02"]
[NIC "QP.08"]
[Time "20:51:49"]
[TimeControl "180+2"]

1. d4 d5 2. Nf3 Nf6 3. Bf4 c6 4. e3 Qb6 5. b3 g6 6. c3 Bg7 7. Nbd2 O-O 8.
Bd3 Qa5 9. b4 Qb6 10. Nb3 Nbd7 11. h3 Ne4 12. Bxe4 dxe4 13. Nfd2 f5 14. O-O
Nf6 15. Nc5 Nd5 16. Qb3 Kh8 17. Bh2 g5 18. a3 a5 19. Nc4 Qd8 20. Nxa5 f4 21.
Naxb7 Bxb7 22. Nxb7 Qc8 23. Nc5 f3 24. Qd1 Nxc3 25. Qb3 Ne2+ 26. Kh1 fxg2+
27. Kxg2 Qf5 28. f3 exf3+ 29. Kf2 Qxh3 30. Be5 Bxe5 31. dxe5 Qg3#
{White checkmated}
0-1

[Event "ICC tourney 1980 (3 2)"]
[Site "Internet Chess Club"]
[Date "2020.08.28"]
[Round "5"]
[White "MARMAYOGI11"]
[Black "davika21"]
[Result "1-0"]
[ICCResult "Black checkmated"]
[WhiteElo "1722"]
[BlackElo "1596"]
[Opening "Queen's bishop game"]
[ECO "D02"]
[NIC "QP.08"]
[Time "20:51:50"]
[TimeControl "180+2"]

1. d4 d5 2. Nf3 Nf6 3. Bf4 e6 4. e3 Be7 5. Bd3 O-O 6. Nbd2 c5 7. c3 Nc6 8.
h3 b6 9. Qe2 Bb7 10. Ne5 Nxe5 11. Bxe5 Ne4 12. Nxe4 dxe4 13. Bc4 Rc8 14. Rd1
Qe8 15. Qg4 g6 16. Bb3 c4 17. Bc2 f5 18. Qg3 Qb5 19. Rb1 Bd5 20. h4 Bf6 21.
Bd6 Rfd8 22. Bf4 Qe8 23. h5 Bg7 24. f3 exf3 25. gxf3 Qf7 26. e4 Bc6 27. e5
Bd5 28. Kf2 b5 29. Rbg1 Rd7 30. hxg6 hxg6 31. Qxg6 Qxg6 32. Rxg6 Kf7 33.
Rhg1 Rg8 34. Bh6 Bxh6 35. Rxg8 Bf4 36. Rh8 Ke7 37. Rg7# {Black checkmated}
1-0

[Event "ICC tourney 1980 (3 2)"]
[Site "Internet Chess Club"]
[Date "2020.08.28"]
[Round "5"]
[White "steinutz"]
[Black "londonkid"]
[Result "0-1"]
[ICCResult "White resigns"]
[WhiteElo "1524"]
[BlackElo "1856"]
[Opening "Trompowsky attack (Ruth, Opocenský opening)"]
[ECO "A45"]
[NIC "QP.07"]
[Time "20:51:54"]
[TimeControl "180+2"]

1. d4 Nf6 2. Bg5 e6 3. e3 b6 4. f4 Bb7 5. Nf3 Be7 6. Bd3 h6 7. Bxf6 Bxf6 8.
Nbd2 c5 9. c3 d6 10. O-O Nd7 11. Qe2 O-O 12. e4 cxd4 13. cxd4 e5 14. fxe5
dxe5 15. d5 Nc5 16. Bc2 Ba6 17. Nc4 Rc8 18. b3 b5 19. Ne3 Qb6 20. Rfe1 b4
21. Qf2 Bd3 22. Nc4 Qa6 23. Nfxe5 Bxe5 24. Nxe5 Bxc2 25. Qxc2 Nd7 26. Qb2
Qb6+ 27. Kh1 Nxe5 28. Qxe5 Rc2 29. Qg3 Qd4 30. Rad1 Qb2 31. d6 Rd8 32. d7
Rd2 33. Qh4 R8xd7 34. Rc1 Rxg2 35. e5 Rdd2 36. Rc8+ Kh7 37. Qe4+ g6 38. e6
Rxh2+ 39. Kg1 Rdg2+ {White resigns} 0-1

[Event "ICC tourney 1980 (3 2)"]
[Site "Internet Chess Club"]
[Date "2020.08.28"]
[Round "5"]
[White "Ayushb"]
[Black "harkerchess"]
[Result "0-1"]
[ICCResult "White forfeits on time"]
[WhiteElo "1550"]
[BlackElo "1411"]
[Opening "Caro-Kann: exchange variation"]
[ECO "B13"]
[NIC "CK.02"]
[Time "20:51:52"]
[TimeControl "180+2"]

1. e4 c6 2. d4 d5 3. exd5 cxd5 4. Bd3 Nf6 5. Nf3 Nc6 6. c3 g6 7. O-O Bg7 8.
Bg5 O-O 9. Nbd2 h6 10. Bh4 Bg4 11. Qb3 Na5 12. Qa4 Bd7 13. Qc2 g5 14. Bg3
Nh5 15. Rae1 Nc6 16. Ne5 Nxg3 17. fxg3 Nxe5 18. dxe5 Qc7 19. Nf3 Rac8 20. h3
b5 21. Qe2 b4 22. cxb4 Qb6+ 23. Kh2 Qxb4 24. a3 Qb6 25. Qe3 Qxb2 26. Nd4 Qb6
27. Nf5 Bxf5 28. Bxf5 e6 {White forfeits on time} 0-1

[Event "ICC tourney 1980 (3 2)"]
[Site "Internet Chess Club"]
[Date "2020.08.28"]
[Round "5"]
[White "IndianTerritory"]
[Black "TheHidingBishop"]
[Result "1-0"]
[ICCResult "Black resigns"]
[WhiteElo "1701"]
[BlackElo "1596"]
[Opening "Two knights defense (Modern bishop's opening)"]
[ECO "C55"]
[NIC "IG.01"]
[Time "20:51:51"]
[TimeControl "180+2"]

1. e4 e5 2. Nf3 Nc6 3. Bc4 Nf6 4. d3 Be7 5. O-O O-O 6. c3 d6 7. b4 d5 8.
exd5 Nxd5 9. b5 Na5 10. Nxe5 Bf6 11. Re1 Re8 12. f4 Nxc4 13. dxc4 Nb6 14.
Qxd8 Rxd8 15. c5 Na4 16. c6 b6 17. c4 Be6 18. Na3 Rd4 19. Rb1 Rad8 20. Nf3
Rd1 21. Kf1 Nc3 22. Rb3 Rxe1+ 23. Nxe1 Rd1 24. Bb2 Ne4 25. Bxf6 Nd2+ 26. Ke2
Rxe1+ 27. Kxd2 Rg1 28. Rg3 g6 29. Bc3 Ra1 30. Bxa1 {Black resigns} 1-0

[Event "ICC tourney 1980 (3 2)"]
[Site "Internet Chess Club"]
[Date "2020.08.28"]
[Round "5"]
[White "TjkTiger"]
[Black "JosephLevine"]
[Result "1-0"]
[ICCResult "Black checkmated"]
[WhiteElo "2080"]
[BlackElo "1700"]
[Opening "QGD: exchange, positional line, 5...c6"]
[ECO "D35"]
[NIC "QO.16"]
[Time "20:52:29"]
[TimeControl "180+2"]

1. c4 e6 2. Nc3 d5 3. d4 Nf6 4. cxd5 exd5 5. Bg5 c6 6. e3 Bd6 7. Bd3 O-O 8.
Nf3 Re8 9. Qc2 h6 10. Bh4 Be6 11. O-O Nbd7 12. Rae1 Nf8 13. Ne5 Qc7 14. f4
N6h7 15. Bf2 f6 16. Nf3 g5 17. f5 Bf7 18. h3 Nd7 19. g4 h5 20. Kg2 h4 21. e4
dxe4 22. Nxe4 Bd5 23. Nc3 Bxf3+ 24. Kxf3 Bg3 25. Bc4+ Kg7 26. Be6 Nhf8 27.
Kg2 Qd6 28. Ne4 Qe7 29. Nxg3 hxg3 30. Bxg3 Nxe6 31. fxe6 Nf8 32. Rxf6 Kxf6
33. Be5+ Kxe6 34. Qf5+ Kd5 35. Bf6+ Kc4 36. Rc1+ Kb4 37. Bxe7+ Rxe7 38. Qc5+
Ka4 39. b3# {Black checkmated} 1-0

[Event "ICC tourney 1980 (3 2)"]
[Site "Internet Chess Club"]
[Date "2020.08.28"]
[Round "5"]
[White "Aleksandrov73"]
[Black "espark"]
[Result "1/2-1/2"]
[ICCResult "Game drawn by repetition"]
[WhiteElo "2223"]
[BlackElo "1801"]
[Opening "QGD: exchange, positional line"]
[ECO "D35"]
[NIC "QO.16"]
[Time "20:51:56"]
[TimeControl "180+2"]

1. d4 Nf6 2. c4 e6 3. Nc3 d5 4. cxd5 exd5 5. Bg5 Be7 6. e3 c6 7. Bd3 O-O 8.
Qc2 Nbd7 9. Nge2 Re8 10. O-O Nf8 11. f3 h6 12. Bh4 Ne6 13. Rad1 c5 14. dxc5
Nxc5 15. Bxf6 Bxf6 16. Nxd5 Nxd3 17. Rxd3 Be5 18. Rfd1 Be6 19. Nef4 Bf5 20.
e4 Bh7 21. Qd2 f5 22. Qb4 fxe4 23. fxe4 Bxf4 24. Nxf4 Qe7 25. Qb3+ Kh8 26.
Rd7 Qxe4 27. Qc3 Qe3+ 28. Qxe3 Rxe3 29. Rxb7 Rf8 30. g3 g5 31. Nd5 Re2 32.
Nc3 Rc2 33. Rf1 Rd8 34. Rf2 Rxf2 35. Kxf2 Rd2+ 36. Ke3 Rxh2 37. b4 Rc2 38.
Nd5 Rxa2 39. Nf6 Bg6 40. g4 Ra3+ 41. Kd4 Rf3 42. Ke5 Re3+ 43. Kd4 Rf3 44.
Ke5 Re3+ 45. Kd4 Rf3 46. Ke5 Re3+ 47. Kd4 Rf3 48. Ke5 Re3+ 49. Kd4 Rf3
{Game drawn by repetition}
1/2-1/2

[Event "ICC tourney 1980 (3 2)"]
[Site "Internet Chess Club"]
[Date "2020.08.28"]
[Round "5"]
[White "tangent"]
[Black "vyomvidy"]
[Result "1-0"]
[ICCResult "Black checkmated"]
[WhiteElo "1905"]
[BlackElo "1840"]
[Opening "QGA: 3.e4"]
[ECO "D20"]
[NIC "QG.04"]
[Time "20:51:49"]
[TimeControl "180+2"]

1. d4 d5 2. c4 dxc4 3. e4 Nf6 4. Nc3 e5 5. Nf3 exd4 6. Qxd4 Qxd4 7. Nxd4 Bc5
8. Ndb5 Na6 9. Bxc4 c6 10. Na3 b5 11. Naxb5 cxb5 12. Bxb5+ Kf8 13. Bg5 Nc7
14. Bc6 Rb8 15. Bf4 Rxb2 16. O-O-O Ba3 17. Bd6+ Bxd6 18. Kxb2 Nfe8 19. Rhe1
Be6 20. e5 Bb4 21. a3 Bxc3+ 22. Kxc3 Ke7 23. f4 g6 24. Rb1 Nd5+ 25. Kd4 Nec7
26. Rb7 Rd8 27. Bxd5 Rxd5+ 28. Ke3 Rd7 29. Reb1 h5 30. Kf2 a6 31. R1b6 Rd2+
32. Ke1 Rd7 33. Rc6 Nd5 34. Rxd7+ Kxd7 35. Rxa6 Nxf4 36. g3 Nd3+ 37. Kd2
Nxe5 38. a4 Nf3+ 39. Kc3 Nxh2 40. a5 g5 41. Rb6 h4 42. gxh4 gxh4 43. Rb4 Ng4
44. a6 h3 45. a7 Bd5 46. Rd4 h2 47. Rxd5+ Kc6 48. a8=Q+ Kb6 49. Qa5+ Kc6 50.
Qb5+ Kc7 51. Rd7+ Kc8 52. Qb7# {Black checkmated} 1-0

[Event "ICC tourney 1980 (3 2)"]
[Site "Internet Chess Club"]
[Date "2020.08.28"]
[Round "5"]
[White "kralj8"]
[Black "ivo20"]
[Result "1-0"]
[ICCResult "Black checkmated"]
[WhiteElo "1570"]
[BlackElo "1231"]
[Opening "Ruy Lopez: old Steinitz defense"]
[ECO "C62"]
[NIC "RL.02"]
[Time "20:51:54"]
[TimeControl "180+2"]

1. e4 e5 2. Nf3 Nc6 3. Bb5 d6 4. d4 Bd7 5. d5 Nd4 6. Bxd7+ Qxd7 7. Nxd4 exd4
8. Qxd4 Nf6 9. Nc3 Ng4 10. h3 Ne5 11. Bf4 f6 12. O-O g5 13. Bxe5 dxe5 14.
Qe3 h5 15. Qf3 Be7 16. Qf5 g4 17. Qxd7+ Kxd7 18. hxg4 hxg4 19. g3 Rh3 20.
Kg2 Rah8 21. Rh1 Bb4 22. Ne2 Bc5 23. Rxh3 gxh3+ 24. Kf3 h2 25. Rh1 c6 26. c4
cxd5 27. cxd5 Ke7 28. Kg2 Kf7 29. f3 Bg1 30. Nxg1 hxg1=Q+ 31. Kxg1 Rg8 32.
Kf2 Rg7 33. Rc1 Kg6 34. Rc8 Rd7 35. b4 f5 36. a4 fxe4 37. fxe4 Kf6 38. a5
Ke7 39. Rh8 Kd6 40. Rh6+ Kc7 41. Re6 Rf7+ 42. Ke3 Rg7 43. Rxe5 Rxg3+ 44. Kd4
Rg1 45. Rh5 Rd1+ 46. Ke5 Rb1 47. Rh7+ Kd8 48. Kd6 Ke8 49. Ke6 Rxb4 50. Rh8#
{Black checkmated}
1-0

[Event "ICC tourney 1980 (3 2)"]
[Site "Internet Chess Club"]
[Date "2020.08.28"]
[Round "5"]
[White "dopolian"]
[Black "MasterZachary"]
[Result "1/2-1/2"]
[ICCResult "Game drawn because neither player has mating material"]
[WhiteElo "2093"]
[BlackElo "2207"]
[Opening "Réti accepted"]
[ECO "A09"]
[NIC "RE.18"]
[Time "20:51:49"]
[TimeControl "180+2"]

1. Nf3 d5 2. c4 dxc4 3. Na3 a6 4. Nxc4 b5 5. Ne3 Bb7 6. g3 Nd7 7. Bg2 Ngf6
8. O-O c5 9. d4 e6 10. b3 Be7 11. Bb2 O-O 12. Rc1 Rc8 13. dxc5 Nxc5 14. Qxd8
Rfxd8 15. Rfd1 Rxd1+ 16. Rxd1 Rd8 17. Rxd8+ Bxd8 18. Ne5 Bxg2 19. Kxg2 Nfd7
20. Nc6 Bf6 21. Bxf6 Nxf6 22. b4 Nce4 23. Nb8 Nc3 24. a3 Nxe2 25. Nxa6 Nc3
26. Nc2 Kf8 27. Nd4 Nfd5 28. Nb8 Ke8 29. Nbc6 Nb6 30. Na7 e5 31. Ndxb5 Nb1
32. Nc6 f6 33. Kf3 Kd7 34. Na5 Nd2+ 35. Ke3 Nf1+ 36. Kd3 Nxh2 37. Nc4 e4+
38. Kd4 Nxc4 39. Kxc4 Ng4 40. Kd4 Nxf2 41. Ke3 Nh1 42. g4 Kc6 43. Nc3 Ng3
44. Kf4 Nf1 45. Kxe4 Nd2+ 46. Kd4 Nf3+ 47. Ke4 Ne5 48. g5 Nc4 49. gxf6 gxf6
50. a4 h5 51. a5 Kb7 52. Nd5 Nxa5 53. bxa5 Ka6 54. Nxf6 Kxa5 55. Nxh5
{Game drawn because neither player has mating material}
1/2-1/2

[Event "ICC tourney 1980 (3 2)"]
[Site "Internet Chess Club"]
[Date "2020.08.28"]
[Round "5"]
[White "rjc64uk"]
[Black "Zwish"]
[Result "0-1"]
[ICCResult "White forfeits on time"]
[WhiteElo "1569"]
[BlackElo "1266"]
[Opening "Sicilian: Kan, 5.Bd3"]
[ECO "B42"]
[NIC "SI.42"]
[Time "20:51:51"]
[TimeControl "180+2"]

1. e4 c5 2. Nf3 e6 3. d4 cxd4 4. Nxd4 a6 5. Bd3 Qc7 6. O-O Nf6 7. Qe2 d6 8.
Nc3 Be7 9. Be3 Nbd7 10. f4 b5 11. a3 Bb7 12. Rad1 Rc8 13. h3 Qb8 14. Nb3 Qa8
15. Bf2 Rxc3 16. bxc3 Bxe4 17. Be3 O-O 18. c4 bxc4 19. Bxc4 d5 20. Bxa6 Bxc2
21. Qxc2 Qxa6 22. g4 Qxa3 23. Ra1 Qb4 24. Ra7 Nb8 25. g5 Ne4 26. Rfa1 Nc6
27. Rc7 Qd6 28. Rxc6 Qb4 29. Rc7 Ng3 30. Nd4 Bd6 31. Rd7 Bc5 32. Rd1 Bxd4
33. Bxd4 Qb5 34. Ra7 Ne2+ 35. Kg2 Nxf4+ 36. Kg3 Ne2+ 37. Kf3 Nxd4+ 38. Rxd4
Qf1+ 39. Qf2 Qxh3+ 40. Ke2 Qh5+ 41. Qf3 Qxg5 42. Rg4 Qe5+ 43. Kf2 Qb2+ 44.
Kg3 Qb8+ 45. Kh4 Qxa7 46. Qg3 Qe7+ 47. Kh5 f5 48. Rg5 Rf6
{White forfeits on time}
0-1

[Event "ICC tourney 1980 (3 2)"]
[Site "Internet Chess Club"]
[Date "2020.08.28"]
[Round "5"]
[White "jx4"]
[Black "Kokoro"]
[Result "1-0"]
[ICCResult "Black checkmated"]
[WhiteElo "1742"]
[BlackElo "1835"]
[Opening "Grünfeld: exchange variation"]
[ECO "D85"]
[NIC "GI.03"]
[Time "20:52:40"]
[TimeControl "180+2"]

1. d4 Nf6 2. c4 g6 3. Nc3 d5 4. cxd5 Nxd5 5. g3 Nxc3 6. bxc3 Qd5 7. Nf3 c5
8. Bg2 Qc4 9. Bb2 Nc6 10. O-O Bg7 11. Nd2 Qb5 12. Rb1 Qa6 13. Ne4 cxd4 14.
cxd4 Qxa2 15. Qd2 O-O 16. e3 Rd8 17. Ra1 Qe6 18. Nc5 Qd6 19. Ne4 Qc7 20.
Rfc1 Be6 21. Nc5 Bd5 22. e4 Be6 23. d5 Bxb2 24. Qxb2 Qe5 25. Qxe5 Nxe5 26.
dxe6 b6 27. exf7+ Nxf7 28. Ne6 Rd6 29. Nc7 Rc8 30. Nd5 Re8 31. Rxa7 Kg7 32.
Rxe7 Rxe7 33. Nxe7 Ne5 34. Nd5 b5 35. Rb1 Nc4 36. Rxb5 Nd2 37. Rb7+ Kh6 38.
e5 Rd8 39. e6 Rc8 40. h4 Rc1+ 41. Kh2 Re1 42. e7 Nc4 43. Rb8 Nd6 44. Rd8 Nf5
45. e8=Q Rxe8 46. Rxe8 Kh5 47. Nf4+ Kh6 48. Be4 Nd6 49. Re6 Nb5 50. h5 Nd4
51. Rd6 Nb5 52. Rb6 Nc3 53. Bc2 Kg5 54. hxg6 hxg6 55. Rxg6# {Black
checkmated} 1-0